 Dungeon Crawl Stone Soup version 0.22.1-1-ga44c0e56f4 (webtiles) character file.

23275 xpt754 the Severer (level 12, -8/108 HPs)
             Began as a Minotaur Fighter on Oct 16, 2018.
             Was the Champion of Cheibriados.
             Mangled by a naga warrior
             ... wielding a +0 halberd
              (10 damage)
             ... on level 2 of the Snake Pit.
             The game lasted 00:29:51 (9665 turns).

xpt754 the Severer (Minotaur Fighter)               Turns: 9665, Time: 00:29:52

Health: -8/108     AC: 20    Str: 45    XL:     12   Next: 70%
Magic:  2/16       EV: 14    Int: 20    God:    Cheibriados [******]
Gold:   599        SH:  0    Dex: 26    Spells: 11/11 levels left

rFire    + + .     SeeInvis +   x - +0 battleaxe (curse)
rCold    + . .     Gourm    .   (shield currently unavailable)
rNeg     . . .     Faith    .   q - +5 scale mail
rPois    +         Spirit   .   a - +2 hat {SInv}
rElec    +         Reflect  .   e - +2 cloak
rCorr    +         Harm     .   m - +0 pair of gloves
MR       .....                  (no boots)
Stlth    +.........             (no amulet)
HPRegen  0.28/turn              l - ring of poison resistance
MPRegen  0.15/turn              w - ring of protection from fire

@: mighty, lethally poisoned (-8 -> -21), resistant, constricted, very slow
A: retaliatory headbutt, horns 2
a: Bend Time, Temporal Distortion, Slouch, Step From Time, Renounce Religion


You were on level 2 of the Snake Pit.
You worshipped Cheibriados.
Cheibriados was exalted by your worship.
You were not hungry.

You visited 3 branches of the dungeon, and saw 14 of its levels.

You collected 599 gold pieces.

Inventory:

Hand Weapons
 x - a cursed +0 battleaxe (weapon)
Missiles
 z - 3 poisoned tomahawks (quivered)
Armour
 a - a +2 hat of see invisible (worn)
 e - a +2 cloak (worn)
 m - a +0 pair of gloves (worn)
 q - a +5 scale mail (worn)
Jewellery
 l - a ring of poison resistance (left hand)
 r - an uncursed ring of poison resistance
 w - a ring of protection from fire (right hand)
 C - a +2 ring of strength
Wands
 y - a wand of polymorph (28)
 B - a wand of acid (8)
 D - a wand of iceblast (7)
Scrolls
 b - 4 scrolls of enchant weapon {unknown}
 g - a scroll of magic mapping
 h - a scroll of random uselessness {unknown}
 n - 5 scrolls of remove curse
 p - 7 scrolls of identify
 s - a scroll of noise {unknown}
 u - 2 scrolls of blinking
 v - 7 scrolls of teleportation
 E - a scroll of immolation {unknown}
Potions
 c - a potion of brilliance {unknown}
 d - a potion of might
 i - 5 potions of flight {unknown}
 j - a potion of invisibility
 k - 2 potions of agility
 o - a potion of resistance
 t - a potion of berserk rage {unknown}
 A - a potion of mutation {unknown}
Comestibles
 f - 10 rations


   Skills:
 + Level 10.9 Fighting
 + Level 16.4 Axes
 + Level 2.8 Throwing
 + Level 10.7 Armour
 + Level 6.5 Dodging
   Level 3.6 Shields
 + Level 0.4 Unarmed Combat
 * Level 7.9 Invocations


You had 11 spell levels left.
You didn't know any spells.
Your spell library contained the following spells:

 Spells                   Type           Power        Failure   Level  Hunger
 Confusing Touch          Hex            #.....       28%         1    ##.....
 Magic Dart               Conj           #...         28%         1    ##.....
 Blink                    Tloc           N/A          38%         2    ###....
 Call Imp                 Summ           #.......     38%         2    ###....
 Slow                     Hex            #.......     38%         2    ###....
 Confuse                  Hex            #.......     63%         3    ####...
 Conjure Flame            Conj/Fire      #.......     63%         3    ####...
 Gell's Gravitas          Tloc           #.........   63%         3    ####...
 Mephitic Cloud           Conj/Pois/Air  #.......     63%         3    ####...
 Petrify                  Tmut/Erth      #.......     95%         4    #####..
 Metabolic Englaciation   Hex/Ice        #.........   100%        5    ######.
 Yara's Violent Unravell  Hex/Tmut       #.........   100%        5    ######.


Dungeon Overview and Level Annotations

Branches:
Dungeon (10/15)            Temple (0/1) D:6            Lair (2/6) D:10
  Swamp (0/4) Lair:2        Snake (1/4) Lair:2          Orc (0/2) D:9

Altars:
Cheibriados
Gozag
Xom

Shops:
D:9 %

Annotations:
D:9 1 runed door


Innate Abilities, Weirdness & Mutations

You reflexively headbutt those who attack you in melee.
You have a pair of horns on your head.


Message History

You feel very sick.
The naga warrior hits you with a halberd.
* * * LOW HITPOINT WARNING * * *
The naga warrior grabs you.
* * * LOW HITPOINT WARNING * * *
The naga warrior constricts you.
Items here: )) [[ ††† You slash the naga warrior!
Your headbutt misses the naga warrior.
The naga warrior is lightly wounded.
* * * LOW HITPOINT WARNING * * *
You feel sick.
The naga warrior hits you with a halberd.
* * * LOW HITPOINT WARNING * * *
x2 The naga warrior constricts you.
Okay, then.
You feel protected.
* * * LOW HITPOINT WARNING * * *
You feel sick.
The naga warrior hits you with a halberd!
You die...

#### ...
####?#.#...
#.@N.......
#.###.###.#
#)# .. #.#
.# #.. S.
#.# S. #.#
N ..# ...


You could see a naga warrior.

Vanquished Creatures
  Gastronok (D:8)
  Fannar (Lair:2)
  Erica (D:9)
  3 two-headed ogres
  3 naga ritualists (Snake:2)
  A cyclops (D:10)
  2 mana vipers (Snake:2)
  9 black mambas
  A spiny frog (Lair:1)
  5 komodo dragons
  A troll (D:10)
  3 blink frogs (Lair:2)
  Grinder (D:6)
  4 hippogriffs
  A wyvern (D:8)
  A spriggan (D:10)
  9 yaks
  A shadow (D:10)
  A basilisk (Lair:1)
  2 vampire mosquitoes (Lair:2)
  2 hungry ghosts
  Edmund (D:5)
  4 nagas (Lair:2)
  2 water moccasins
  8 porcupines
  The ghost of Divine the Skirmisher, an amateur OgCK of Xom (D:3)
  5 orc warriors
  A phantom (D:4)
  3 ice beasts
  A necrophage (D:10)
  6 wolves (Lair:2)
  5 ogres
  2 centaurs
  2 crocodiles
  3 big kobolds
  7 bullfrogs
  A wyvern zombie (D:10)
  2 scorpions
  6 killer bees
  3 wights (D:8)
  An electric eel (Lair:2)
  5 howler monkeys
  9 crimson imps
  A centaur zombie (D:7)
  2 bullfrog zombies
  5 jellies
  3 bullfrog skeletons
  5 orc priests
  5 hounds
  7 orc wizards
  2 centaur skeletons
  An iguana (D:4)
  13 worker ants
  A hound zombie (D:7)
  A hound skeleton (D:5)
  3 gnolls (D:4)
  8 adders
  A shadow imp (D:5)
  2 oozes
  3 worms
  2 dart slugs (D:1)
  2 leopard geckos (D:1)
  39 orcs
  4 bats
  13 giant cockroaches
  9 goblins
  12 hobgoblins
  4 jackals (D:3)
  18 kobolds
  3 quokkas
  2 ball pythons
  5 frilled lizards
  A jackal skeleton (D:5)
  8 rats
  A butterfly (D:9)
  A fungus (Lair:1)
  4 plants (D:10)
322 creatures vanquished.

Vanquished Creatures (others)
  A bat (D:1)
  6 plants
7 creatures vanquished.

Grand Total: 329 creatures vanquished

Notes
Turn   | Place    | Note
-------+----------+-------------------------------------------
     0 | D:1      | xpt754 the Minotaur Fighter began the quest for the Orb.
     0 | D:1      | Reached XP level 1. HP: 19/19 MP: 0/0
    56 | D:1      | Reached XP level 2. HP: 27/27 MP: 1/1
   182 | D:1      | Reached skill level 3 in Axes
   326 | D:1      | Reached XP level 3. HP: 29/33 MP: 2/2
   816 | D:2      | Reached XP level 4. HP: 38/40 MP: 3/3
   830 | D:2      | Noticed an ogre
   834 | D:2      | Killed an ogre
   834 | D:2      | Reached skill level 4 in Axes
   834 | D:2      | Reached skill level 1 in Dodging
   834 | D:2      | Reached XP level 5. HP: 47/47 MP: 4/4
   843 | D:2      | Found a faded altar of an unknown god.
   900 | D:2      | Became a worshipper of Cheibriados the Contemplative
   900 | D:2      | Reached * piety under Cheibriados
  1468 | D:3      | Reached ** piety under Cheibriados
  1507 | D:3      | Reached skill level 5 in Axes
  1634 | D:3      | Reached skill level 5 in Armour
  1672 | D:3      | Found a shimmering altar of Xom.
  1712 | D:3      | Reached XP level 6. HP: 54/55 MP: 5/5
  1846 | D:3      | Reached skill level 5 in Fighting
  1846 | D:3      | Reached skill level 6 in Axes
  1924 | D:3      | Found a runed gate.
  1925 | D:3      | Found a runed gate.
  1926 | D:3      | Found a runed gate.
  1926 | D:3      | Noticed Divine's ghost (amateur OgCK)
  2134 | D:3      | Reached *** piety under Cheibriados
  2198 | D:3      | Killed Divine's ghost
  2198 | D:3      | Reached skill level 1 in Throwing
  2198 | D:3      | Reached XP level 7. HP: 39/61 MP: 6/6
  2200 | D:3      | Reached skill level 7 in Axes
  2468 | D:4      | Noticed a two-headed ogre
  2477 | D:4      | Killed a two-headed ogre
  2477 | D:4      | Reached skill level 8 in Axes
  2477 | D:4      | Reached XP level 8. HP: 24/70 MP: 7/7
  2757 | D:4      | Reached skill level 9 in Axes
  3049 | D:5      | Entered Level 5 of the Dungeon
  3251 | D:5      | Reached **** piety under Cheibriados
  3425 | D:5      | Noticed Edmund
  3438 | D:5      | Killed Edmund
  3453 | D:5      | Reached XP level 9. HP: 78/78 MP: 4/8
  3462 | D:5      | Reached skill level 10 in Axes
  3670 | D:5      | Reached skill level 1 in Invocations
  4383 | D:6      | Noticed Grinder
  4383 | D:6      | Paralysed by Grinder for 3 turns
  4392 | D:6      | Paralysed by Grinder for 4 turns
  4396 | D:6      | Killed Grinder
  4593 | D:6      | Found a staircase to the Ecumenical Temple.
  4728 | D:7      | Reached skill level 11 in Axes
  5091 | D:7      | Reached XP level 10. HP: 88/88 MP: 11/11
  5169 | D:7      | Found an opulent altar of Gozag.
  5739 | D:8      | Reached ***** piety under Cheibriados
  5742 | D:8      | Reached skill level 12 in Axes
  5882 | D:8      | Noticed a two-headed ogre
  5886 | D:8      | Killed a two-headed ogre
  6040 | D:8      | Noticed Gastronok
  6060 | D:8      | Killed Gastronok
  6060 | D:8      | Reached skill level 13 in Axes
  6318 | D:8      | Reached skill level 5 in Invocations
  6752 | D:9      | Reached XP level 11. HP: 92/95 MP: 13/13
  6833 | D:9      | Noticed Erica
  6842 | D:9      | Killed Erica
  6997 | D:9      | Found a staircase to the Orcish Mines.
  7010 | D:9      | Found a runed door.
  7022 | D:9      | Found a runed door.
  7285 | D:9      | Found Vaeck's Food Shoppe.
  7372 | D:10     | Entered Level 10 of the Dungeon
  7533 | D:10     | Reached skill level 14 in Axes
  7533 | D:10     | Reached skill level 5 in Dodging
  7749 | D:10     | Noticed a two-headed ogre
  7753 | D:10     | Killed a two-headed ogre
  7753 | D:10     | Reached skill level 10 in Armour
  7761 | D:10     | Found a staircase to the Lair.
  7788 | Lair:1   | Entered Level 1 of the Lair of Beasts
  8270 | Lair:1   | Reached skill level 10 in Fighting
  8270 | Lair:1   | Reached skill level 15 in Axes
  8692 | Lair:2   | Reached XP level 12. HP: 93/106 MP: 13/16
  8710 | Lair:2   | Found a staircase to the Swamp.
  8714 | Lair:2   | Reached ****** piety under Cheibriados
  9145 | Lair:2   | Noticed Fannar
  9178 | Lair:2   | HP: 5/106 [Fannar/staff of cold (6)]
  9182 | Lair:2   | Killed Fannar
  9601 | Lair:2   | Found a staircase to the Snake Pit.
  9615 | Snake:1  | Entered Level 1 of the Snake Pit
  9622 | Snake:1  | You fall through a shaft!
  9642 | Snake:2  | Reached skill level 16 in Axes
  9649 | Snake:2  | Noticed a naga warrior
  9664 | Snake:2  | HP: 3/108 [naga warrior/halberd (4)]
  9665 | Snake:2  | Mangled by a naga warrior

Skill      XL: |  1  2  3  4  5  6  7  8  9 10 11 12 |
---------------+-------------------------------------+-----
Armour         | 4 5 6 7 8 9 10 | 10.7
Fighting       | 4 5 6 7 8 10 | 10.9
Axes           | 3 4 5 6 8 9 11 13 15 16 | 16.4
Dodging        | 1 3 4 5 6 |  6.5
Throwing       | 1 2 |  2.8
Invocations    | 3 5 6 7 |  7.9
Shields        | |  3.6
Unarmed Combat | |  0.4

Action                   |  1- 3 |  4- 6 |  7- 9 | 10-12 || total
-------------------------+-------+-------+-------+-------++-------
Melee: War axe           |    65 |   113 |   170 |    45 ||   393
       Headbutt          |    12 |    26 |    65 |   109 ||   212
       Unarmed           |       |     2 |       |       ||     2
       Battleaxe         |       |       |       |   312 ||   312
Throw: Tomahawk          |       |    11 |       |     3 ||    14
Invok: Bend Time         |       |       |     8 |    19 ||    27
  Use: Scroll            |       |       |    14 |     1 ||    15
       Potion            |       |       |     7 |     5 ||    12
  Eat: Ration            |       |     1 |     1 |     3 ||     5
       Chunk             |       |       |     3 |     2 ||     5
Armor: Scale mail        |    33 |    32 |    67 |   150 ||   282
       Skin              |       |     4 |       |       ||     4
Dodge: Dodged            |    22 |    47 |    80 |   261 ||   410
Block: Shield            |    33 |    61 |    92 |    29 ||   215
